 Dungeon Crawl Stone Soup version 0.25.1-8-g42b30a86e7 (webtiles) character file.

Game seed: 2836102196985129894

542999 roke1 the Eclecticist (level 26, -5/170 HPs)
             Began as a Tengu Air Elementalist on Dec 12, 2020.
             Was the Champion of Okawaru.
             Slain by a black draconian monk (9 damage)
             ... on level 2 of the Realm of Zot on Dec 13, 2020.
             The game lasted 05:01:27 (94087 turns).

roke1 the Eclecticist (Tengu Air Elementalist)     Turns: 94087, Time: 05:01:27

Health: -5/170     AC: 24    Str: 13    XL:     26   Next: 5%
Magic:  65/65      EV: 22    Int: 29    God:    Okawaru [******]
Gold:   4765       SH: 18    Dex: 18    Spells: 17/64 levels left

rFire    + + +     SeeInvis .   F - +8 arc blade {discharge, rElec}
rCold    + + .     Gourm    .   S - +5 kite shield {rC+ rF+}
rNeg     . . .     Faith    .   w - +5 ring mail of Gelargh {rPois}
rPois    +         Spirit   .   t - +2 hat {MR+}
rElec    +         Reflect  .   P - +2 cloak {rCorr}
rCorr    +         Harm     .   y - +1 pair of gloves of Gallantry {rF+ rC+ MR+ MP+9}
MR       +++..                  (boots unavailable)
Stlth    +.........             Z - amulet of magic regeneration
HPRegen  0.38/turn              s - ring "Midijo Loigh" {Wiz rPois rF+ MP+9 Dex+3}
MPRegen  0.64/turn              C - ring "Ustreelu" {AC+4 Int+6 Stlth-}

@: flying quickly and evasively, slowed, constricted, studying Shields, very
slow
A: beak, talons 3, able to fly
}: 3/15 runes: serpentine, barnacled, silver
a: Stop Flying, Heroism, Finesse, Renounce Religion


You were on level 2 of the Realm of Zot.
You worshipped Okawaru.
Okawaru was exalted by your worship.
You were not hungry.

You visited 9 branches of the dungeon, and saw 46 of its levels.
You also visited: Bailey and Ice Cave.

You collected 7368 gold pieces.
You spent 2603 gold pieces at shops.

Inventory:

Hand Weapons
 F - the +8 arc blade (weapon) {discharge, rElec}
   (You found it on level 2 of the Vaults)

   It insulates you from electricity.
 R - a +11 vorpal quick blade
Missiles
 l - 12 throwing nets (quivered)
Armour
 t - a +2 hat of magic resistance (worn)
 v - the +0 pair of gloves of Peek-a-Boo {-Tele rElec Int+4 SInv}
   (Okawaru gifted it to you on level 4 of the Depths)

   It affects your intelligence (+4).
   It insulates you from electricity.
   It lets you see invisible.
   It prevents most forms of teleportation.
 w - the +5 ring mail of Gelargh (worn) {rPois}
   (You took it off a vault guard on level 13 of the Dungeon)

   It protects you from poison.
 y - the +1 pair of gloves of Gallantry (worn) {rF+ rC+ MR+ MP+9}
   (Okawaru gifted it to you on level 14 of the Dungeon)

   It protects you from fire.
   It protects you from cold.
   It affects your resistance to hostile enchantments.
   It affects your magic capacity (+9).
 P - a +2 cloak of preservation (worn)
 S - a +5 kite shield of resistance (worn)
Jewellery
 d - the ring of Generosity {rCorr Dex+2}
   (You took it off a merfolk impaler on level 4 of the Shoals)

   [ring of resist corrosion]

   It affects your dexterity (+2).
   It provides partial protection from all sources of acid and corrosion.
 s - the ring "Midijo Loigh" (left hand) {Wiz rPois rF+ MP+9 Dex+3}
   (You found it on level 1 of the Shoals)

   [ring of wizardry]

   It improves your spell success rate.
   It affects your dexterity (+3).
   It protects you from fire.
   It protects you from poison.
   It affects your magic capacity (+9).
 C - the ring "Ustreelu" (right hand) {AC+4 Int+6 Stlth-}
   (You took it off a deep elf death mage on level 3 of the Elven Halls)

   [ring of protection]

   It affects your AC (+4).
   It affects your intelligence (+6).
   It makes you less stealthy.
 Z - an amulet of magic regeneration (around neck)
Wands
 p - a wand of enslavement (7)
 q - a wand of acid (18)
 G - a wand of clouds (13)
 L - a wand of polymorph (50)
 O - a wand of paralysis (60)
 T - a wand of digging (18)
 V - a wand of flame (64)
 X - a wand of iceblast (32)
Scrolls
 b - 12 scrolls of fog
 e - 7 scrolls of teleportation
 f - 5 scrolls of enchant armour
 g - 9 scrolls of amnesia
 i - 17 scrolls of remove curse
 k - a scroll of summoning
 m - 3 scrolls of magic mapping
 r - 14 scrolls of enchant weapon
 z - 3 scrolls of immolation
 M - 9 scrolls of fear
 N - 2 scrolls of holy word
 W - 3 scrolls of silence
 Y - 10 scrolls of identify
Potions
 a - 8 potions of ambrosia
 h - 5 potions of brilliance
 j - 16 potions of stabbing
 n - 13 potions of might
 o - 21 potions of curing
 u - 6 potions of resistance
 x - 3 potions of lignification
 A - 3 potions of heal wounds
 B - 5 potions of mutation
 D - 4 potions of invisibility
 H - 7 potions of berserk rage
 I - a potion of magic
 J - 10 potions of haste
 Q - 7 potions of cancellation
Books
 E - a manual of Shields
Comestibles
 c - 85 rations


   Skills:
 + Level 18.8 Fighting
 * Level 13.1 Short Blades
 - Level 11.7 Armour
 - Level 14.2 Dodging
 - Level 2.0 Stealth
 - Level 15.0 Shields
 + Level 19.6 Spellcasting
 + Level 18.9 Conjurations
 - Level 9.2 Summonings
 - Level 14.4 Fire Magic
 - Level 17.7 Air Magic


You had 17 spell levels left.
You knew the following spells:

 Your Spells              Type           Power        Failure   Level  Hunger
a - Shock                 Conj/Air       ####         0%          1    None
b - Swiftness             Chrm/Air       ######..     1%          2    None
c - Airstrike             Air            #######...   0%          4    None
d - Static Discharge      Conj/Air       #######.     0%          3    None
e - Lightning Bolt        Conj/Air       #######...   1%          5    None
f - Orb of Destruction    Conj           #######...   1%          7    ####...
g - Fireball              Conj/Fire      #######...   1%          5    None
h - Spellforged Servitor  Conj/Summ      #######...   2%          7    ####...
i - Silence               Hex/Air        ######....   1%          5    None
j - Ignition              Fire           #######...   17%         8    #####..

Your spell library contained the following spells:

 Spells                   Type           Power        Failure   Level  Hunger
 Foxfire                  Conj/Fire      ####         0%          1    None
 Magic Dart               Conj           ####         0%          1    None
 Conjure Flame            Conj/Fire      #######.     0%          3    None
 Animate Skeleton         Necr           N/A          1%          1    None
 Apportation              Tloc           ####..       1%          1    None
 Beastly Appendage        Tmut           ####..       1%          1    None
 Corona                   Hex            ####...      1%          1    None
 Freeze                   Ice            ####         1%          1    None
 Pain                     Necr           ####         1%          1    None
 Sandblast                Erth           ####..       1%          1    None
 Summon Butterflies       Summ           ######..     1%          1    None
 Summon Small Mammal      Summ           ####         1%          1    None
 Blink                    Tloc           N/A          1%          2    None
 Call Imp                 Summ           ######..     1%          2    None
 Corpse Rot               Necr/Air       N/A          1%          2    None
 Ensorcelled Hibernation  Hex/Ice        ####..       1%          2    None
 Passwall                 Tmut/Erth      ####....     1%          2    None
 Slow                     Hex            ####....     1%          2    None
 Sticks to Snakes         Tmut           ####....     1%          2    None
 Sublimation of Blood     Necr           ####......   1%          2    None
 Call Canine Familiar     Summ           ######..     1%          3    None
 Dazzling Flash           Conj/Hex       ######       1%          3    None
 Ignite Poison            Fire/Tmut/Pois ######..     1%          3    None
 Mephitic Cloud           Conj/Pois/Air  #######.     1%          3    None
 Recall                   Summ/Tloc      N/A          1%          3    None
 Stone Arrow              Conj/Erth      ######       1%          3    None
 Summon Guardian Golem    Hex/Summ       ######..     1%          3    None
 Hailstorm                Conj/Ice       ######..     1%          4    None
 Summon Ice Beast         Ice/Summ       ######..     1%          4    None
 Summon Lightning Spire   Summ/Air       #######.     1%          4    None
 Bolt of Magma            Conj/Fire/Erth #######...   1%          5    None
 Irradiate                Conj/Tmut      ######....   1%          5    None
 Iskenderun's Battlesphe  Conj/Chrm      ######..     1%          5    None
 Freezing Cloud           Conj/Ice/Air   #######...   1%          6    None
 Starburst                Conj/Fire      #######...   1%          6    None
 Confusing Touch          Hex            ####....     3%          3    None
 Frozen Ramparts          Ice            ####..       3%          3    None
 Gell's Gravitas          Tloc           ####......   3%          3    None
 Lesser Beckoning         Tloc           ####......   3%          3    None
 Ozocubu's Armour         Chrm/Ice       ####....     3%          3    None
 Spider Form              Tmut/Pois      ####......   3%          3    None
 Tukima's Dance           Hex            ####....     3%          3    None
 Vampiric Draining        Necr           ####......   3%          3    None
 Iron Shot                Conj/Erth      ######....   3%          6    None
 Summon Mana Viper        Hex/Summ       ######..     4%          5    None
 Animate Dead             Necr           N/A          11%         4    None
 Cause Fear               Hex            ####......   11%         4    None
 Dispel Undead            Necr           ####....     11%         4    None
 Ice Form                 Ice/Tmut       ####....     11%         4    None
 Passage of Golubria      Tloc           N/A          11%         4    None
 Petrify                  Tmut/Erth      ####....     11%         4    None
 Monstrous Menagerie      Summ           ######....   19%         7    ####...
 Summon Greater Demon     Summ           ######....   19%         7    ####...
 Summon Hydra             Summ           ######....   19%         7    ####...
 Agony                    Necr           ####....     26%         5    None
 Alistair's Intoxication  Tmut/Pois      ####....     26%         5    None
 Blade Hands              Tmut           ####......   26%         5    None
 Borgnjor's Vile Clutch   Necr/Erth      ####......   26%         5    None
 Excruciating Wounds      Chrm/Necr      ####......   26%         5    None
 Lee's Rapid Deconstruct  Erth           ####......   26%         5    None
 Metabolic Englaciation   Hex/Ice        ####......   26%         5    None
 Yara's Violent Unravell  Hex/Tmut       ####......   26%         5    None
 Ring of Flames           Chrm/Fire      ######....   38%         7    ####...
 Malign Gateway           Summ/Tloc      ######....   75%         7    ####...
 Darkness                 Hex            ####......   80%         6    None
 Death Channel            Necr           ####......   80%         6    None
 Dispersal                Tloc           ####......   80%         6    None
 Eringya's Noxious Bog    Tmut/Pois      ####......   80%         6    None
 Invisibility             Hex            ####....     80%         6    None
 Ozocubu's Refrigeration  Ice            ####......   80%         6    None
 Simulacrum               Ice/Necr       ####......   80%         6    None
 Summon Horrible Things   Summ           ######....   80%         8    #####..
 Discord                  Hex            ####......   100%        8    #####..


Dungeon Overview and Level Annotations

Branches:
Dungeon (15/15)            Temple (0/1) D:6            Lair (6/6) D:11
 Shoals (4/4) Lair:2        Snake (4/4) Lair:2        Slime (0/5) Lair:6
    Orc (2/2) D:9             Elf (3/3) Orc:2        Vaults (5/5) D:13
  Crypt (0/3) Vaults:2     Depths (5/5) D:15            Zot (2/5) Depths:5
 Bailey (visited)           IceCv (visited)

Altars:
Ashenzari
Cheibriados
Elyvilon
Kikubaaqudgha
Makhleb
Nemelex Xobeh
Okawaru
Qazlal
Ru
Sif Muna
Trog
Wu Jian
Xom
Zin
The Shining One
Beogh
Jiyva

Shops:
D:10 =   D:11 %   D:12 (   Orc:2 ::}:   Vaults:1 *   Vaults:2 ?((}   Vaults:3 %
Depths:1 [   Depths:4 !(}*

Portals:
Hell: Depths:1 Depths:2 Depths:3 Depths:4 Depths:5
Abyss: Depths:1 Depths:4
Pandemonium: Depths:3 Depths:5
Ziggurat: Depths:3

Annotations:
D:10 1 runed translucent door
D:15 3 runed translucent doors, streetpizza's ghost, journeyman OpTm
Shoals:3 3 runed translucent doors, SolCadguy's ghost, adept MfSk; SpoonFarmer's ghost, adept MiFi; coolio's ghost, adept DrFi
Elf:1 6 runed translucent doors
Elf:2 3 runed translucent doors
Zot:1 2 transporters


Innate Abilities, Weirdness & Mutations

You have a beak for a mouth.
You have claws for feet.
You can fly continuously.


Message History

* * * LOW HITPOINT WARNING * * *
The tentacled monstrosity constricts you.
The white draconian shifter blinks!
Okay, then.
Your blink will be uncontrolled - continue anyway?
The Orb prevents control of your translocation!
The tentacled monstrosity's grasp on you weakens, but your attempt to escape fails.
As you read the scroll of blinking, it crumbles to dust.
You block the death cob's attack. The death cob barely misses you.
You block the death cob's attack. The death cob misses you.
The death cob hits you!!
* * * LOW HITPOINT WARNING * * *
The death cob drains your vigour!
You feel as though you will be slow longer.
The death cob hits you but does no damage.
The black draconian monk hits you!!
* * * LOW HITPOINT WARNING * * *
The black draconian monk kicks you but does no damage.
The black draconian monk tail-slaps you!
You die...

,,,,,,,,,,,,,,,,,,***...,,,,..,,,
,,,,,,,,,,......,.####..,,,.d#,,,
,,,,,,,,,,,.....,.......,*#..##,,
,,,,***,,,##....,q##....##....#.,
,>,***,,,##.....#.^##...........,
*,***,,,*....○..................,
*,*,,,,*................<.......,
,**,...........zdX).........##..*
,,,,..)........z@#..#...%...#*,,,
,,,,$.......####qd.###.......#*,,
,,,,,,....#......§§...........#,,
,,,,,,.............#..##..####.$,
,,,,..*,#...§#...##.......#,,,,.,
,,,,....##........#.^.#....,,,,,,
,,*,....................,,,,,,,,,
,,*,....................,,,,,,,,,
,,,,.#.........##....#..,,*,,,*,,


You could see a tentacled monstrosity, a black draconian monk, a purple
draconian, a red draconian (catching breath), a white draconian shifter and 2
death cobs.

Vanquished Creatures
  3 caustic shrikes (Depths:2)
  A caustic shrike (shapeshifter) (Vaults:4)
  the Enchantress (Depths:3)
  2 golden dragons
  3 tentacled monstrosities
  Rupert (Lair:3)
  A deep elf blademaster (Elf:3)
  2 deep elf master archers (Elf:3)
  A quicksilver dragon (Depths:4)
  8 titans
  5 liches
  3 death cobs (Zot:1)
  2 krakens
  Frances (D:14)
  Gastronok (Lair:3)
  2 shadow dragons
  7 sphinxes
  7 tengu reavers
  7 nagarajas (Snake:4)
  4 storm dragons
  A draconian monk (Zot:1)
  14 fire giants
  2 iron dragons
  A fire giant (shapeshifter) (Depths:5)
  9 frost giants
  Aizul (Vaults:1)
  9 deep elf sorcerers
  16 vault wardens
  2 draconian shifters
  A balrug (Depths:1)
  An emperor scorpion (shapeshifter) (Depths:4)
  A draconian stormcaller (Zot:1)
  7 ironheart preservers
  9 very ugly things
  2 war gargoyles
  4 deep elf elementalists
  20 stone giants
  A draconian annihilator (Depths:5)
  3 spriggan defenders (Depths:2)
  Nessos (Lair:4)
  2 green draconians
  2 black draconians (Zot:1)
  6 deep elf annihilators
  7 deep elf demonologists
  5 spark wasps (Depths:3)
  3 entropy weavers
  A dire elephant (shapeshifter) (Vaults:2)
  3 purple draconians (Zot:1)
  A white draconian (Zot:1)
  A yellow draconian (Depths:4)
  A red draconian (Zot:1)
  4 merfolk javelineers
  A spectral quicksilver dragon (Vaults:2)
  4 deep elf death magi
  Snorg (D:11)
  6 great orbs of eyes
  A spectral golden dragon (Vaults:2)
  A crystal guardian (Vaults:4)
  9 merfolk impalers
  7 ettins
  A great orb of eyes (shapeshifter) (Vaults:5)
  14 ogre magi
  13 yaktaur captains
  5 deep elf high priests
  The ghost of Zanawupt the Cleaver, a journeyman MiFi of Makhleb (D:9)
  14 fire dragons
  6 hydras
  17 naga warriors
  2 rakshasas
  A catoblepas (Shoals:2)
  11 ice dragons
  An ice dragon (shapeshifter) (D:15)
  30 vault guards
  An alligator snapping turtle (Shoals:3)
  Harold (Lair:1)
  The ghost of Morgon the Thaumaturge, a journeyman GnVM of Ashenzari (D:11)
  13 centaur warriors
  9 anacondas
  Erica (Lair:1)
  4 merfolk avatars
  5 merfolk aquamancers
  5 spriggan air magi
  3 deep troll earth magi
  5 tengu warriors
  2 satyrs
  A death knight (D:14)
  46 two-headed ogres
  5 death yaks
  A spectral storm dragon (Vaults:2)
  14 naga sharpshooters
  2 spriggan berserkers (Depths:5)
  Sonja (Lair:6)
  14 dancing weapons
  7 shock serpents
  2 vampire magi
  An orc high priest (Orc:1)
  3 sun demons (Depths:1)
  2 soul eaters
  21 deep elf knights
  A shadow wraith (Vaults:5)
  A deep troll (shapeshifter) (Depths:4)
  A fire crab (shapeshifter) (D:15)
  3 sixfirhies (Depths:1)
  15 hell knights
  2 salamander mystics
  A quicksilver dragon simulacrum (Vaults:2)
  A storm dragon skeleton (Vaults:2)
  11 sea snakes
  10 deep trolls
  2 unseen horrors
  9 skeletal warriors
  3 wizards
  A flayed ghost (Depths:4)
  7 naga ritualists
  8 glowing orange brains
  Pikel (D:5)
  2 obsidian statues (Depths:1)
  20 deep elf archers
  20 orc knights
  4 phantasmal warriors
  A harpy (shapeshifter) (Vaults:3)
  2 necromancers
  13 harpies
  15 ironbrand convokers
  2 lindwurms (Lair:6)
  44 deep elf magi
  A tengu zombie (Depths:1)
  A wolf spider zombie (D:14)
  7 mana vipers
  A shining eye (shapeshifter) (Depths:1)
  An oklob plant (Lair:5)
  A mana viper (shapeshifter) (Vaults:5)
  The ghost of ew1980 the Insei, a novice GnTm of Okawaru (D:6)
  8 wolf spiders
  8 cyclopes
  13 slime creatures
  4 orc sorcerers
  15 manticores
  16 salamanders
  7 fauns
  3 elephants (Lair:6)
  2 tengu skeletons (Vaults:2)
  2 salamanders (shapeshifter)
  4 moths of wrath (Zot:1)
  44 black mambas
  A frost giant skeleton (Vaults:2)
  10 merfolk sirens
  A stone giant skeleton (Vaults:2)
  34 ugly things
  4 guardian serpents
  22 vault sentinels
  5 water nymphs
  An ice statue (IceCv)
  2 rust devils (Depths:1)
  28 naga magi
  A smoke demon (Depths:1)
  2 black mambas (shapeshifter)
  Maggie (D:9)
  A molten gargoyle (Lair:6)
  3 orange demons (Depths:1)
  2 gargoyles
  7 komodo dragons
  8 spiny frogs
  5 spectral swamp worms
  7 freezing wraiths
  A tengu conjurer (Depths:1)
  2 rime drakes
  A spriggan zombie (Depths:1)
  29 yaktaurs
  A komodo dragon (shapeshifter) (D:15)
  14 trolls
  An ice devil (Depths:1)
  28 merfolk
  3 red devils (Depths:1)
  17 polar bears
  A troll (shapeshifter) (Vaults:1)
  A jumping spider (Vaults:5)
  A nameless horror (Depths:1)
  6 wind drakes
  2 hornets (shapeshifter)
  A queen bee (Lair:2)
  A yaktaur skeleton (Vaults:2)
  2 hornets
  A harpy skeleton (D:15)
  10 blink frogs
  A stone giant simulacrum (Vaults:1)
  A hippogriff (shapeshifter) (Depths:1)
  A frost giant simulacrum (Depths:1)
  12 snapping turtles
  16 dream sheep
  A redback (shapeshifter) (Vaults:5)
  A blink frog (shapeshifter) (Vaults:3)
  3 centaur simulacra
  11 hippogriffs
  26 water elementals
  Sigmund (D:3)
  A spriggan (Depths:2)
  2 shadows
  A spriggan (shapeshifter) (D:13)
  4 wraiths
  2 redbacks (Vaults:5)
  A tarantella (Vaults:2)
  4 air elementals
  2 hungry ghosts
  A vampire (D:10)
  A basilisk (shapeshifter) (Vaults:4)
  A yak (shapeshifter) (Vaults:3)
  4 basilisks
  2 fire elementals (Elf:1)
  66 yaks
  2 chaos spawn
  7 wyverns
  2 steam dragons
  Grum (Lair:1)
  A hog (shapeshifter) (Depths:1)
  2 wargs (shapeshifter)
  9 wargs
  2 soldier ants
  2 acid dragons
  40 nagas
  12 water moccasins
  3 hell hounds (Lair:6)
  A water moccasin (shapeshifter) (Vaults:4)
  48 orc warriors
  3 floating eyes
  8 porcupines
  2 deep troll skeletons (Vaults:2)
  4 eyes of draining
  3 eyes of draining (shapeshifter)
  2 ice beasts
  4 phantoms
  A sky beast (D:6)
  2 slaves (D:5)
  A black bear (D:8)
  2 necrophages (D:12)
  8 boggarts
  55 ogres
  19 centaurs
  A crocodile (shapeshifter) (Vaults:4)
  18 wolves
  5 human skeletons (Vaults:2)
  An orc skeleton (Vaults:2)
  9 crocodiles
  3 big kobolds (D:8)
  18 bullfrogs
  2 earth elementals
  A glowing shapeshifter simulacrum (Vaults:2)
  A gnoll sergeant (D:8)
  A wyvern zombie (D:9)
  5 scorpions
  A water moccasin skeleton (D:8)
  5 wights (D:7)
  24 killer bees
  5 howler monkeys
  An electric eel (Lair:5)
  5 lava snakes (Lair:6)
  10 crimson imps
  3 bullfrog zombies
  3 centaur zombies
  2 hounds
  6 jellies
  A quasit (D:7)
  3 bullfrog skeletons
  21 orc priests
  13 orc wizards
  A gnoll shaman (D:6)
  6 centaur skeletons
  3 iguanas
  14 worker ants
  3 hound skeletons
  A howler monkey skeleton (D:10)
  11 adders
  14 gnolls
  5 shadow imps
  2 oozes (D:2)
  An adder skeleton (D:5)
  A worm (shapeshifter) (Vaults:2)
  3 worms
  3 dart slugs
  3 leopard geckos
  103 orcs
  A giant cockroach (D:1)
  7 goblins
  7 hobgoblins
  17 jackals
  10 kobolds
  5 quokkas
  A ball python (D:4)
  A bat (shapeshifter) (D:15)
  7 bats
  5 frilled lizards
  A leopard gecko skeleton (D:8)
  A quokka skeleton (D:5)
  A quokka zombie (D:8)
  A rat (shapeshifter) (Depths:4)
  3 rats
  2 bushes (Lair:1)
  5 crawling corpses
  8 plants
  2 tentacles
1965 creatures vanquished.

Vanquished Creatures (collateral kills)
  A juggernaut (Depths:4)
  3 caustic shrikes
  3 golden dragons
  A bone dragon (Depths:4)
  An electric golem (Depths:5)
  The ghost of foobar1000 the Acrobat, a veteran SpHu of Okawaru (Vaults:2)
  2 tentacled monstrosities
  A lich (Depths:4)
  Polyphemus (Shoals:1)
  A deep elf blademaster (Elf:3)
  A titan (Vaults:5)
  A death cob (Zot:1)
  A sphinx (Vaults:4)
  Ilsuiw (Shoals:2)
  2 shadow dragons (Vaults:5)
  A tengu reaver (Vaults:4)
  A storm dragon (Vaults:5)
  A frost giant (Vaults:4)
  2 vault wardens (Vaults:5)
  4 stone giants
  2 very ugly things
  An ironheart preserver (Vaults:4)
  3 black draconians
  A red draconian (Depths:4)
  2 merfolk javelineers (Shoals:4)
  2 ettins
  A purple draconian (Depths:5)
  A deep elf death mage (Elf:3)
  A yaktaur captain (Vaults:4)
  3 merfolk impalers
  2 great orbs of eyes
  A fire dragon (Depths:2)
  A rakshasa (Depths:1)
  3 ice dragons
  A spectral shadow dragon (Vaults:2)
  An anaconda (Snake:4)
  A spriggan air mage (Depths:2)
  A merfolk aquamancer (Shoals:4)
  A dancing weapon (Vaults:5)
  2 centaur warriors (Depths:1)
  A spectral human (Vaults:2)
  3 tengu warriors (Depths:1)
  3 hell knights (Depths:2)
  A sea snake (Shoals:4)
  A deep troll (Vaults:5)
  A deep elf archer (Vaults:4)
  A naga ritualist (Snake:4)
  A phantasmal warrior (Vaults:4)
  An ironbrand convoker (Vaults:5)
  An orc knight (Bailey)
  An orc sorcerer (Vaults:5)
  4 ugly things (Depths:2)
  A salamander (Depths:1)
  A manticore (Shoals:4)
  A black mamba (Snake:4)
  4 naga magi (Snake:4)
  A vault sentinel (Vaults:4)
  A molten gargoyle (Depths:1)
  2 yaktaurs
  A freezing wraith (Vaults:4)
  A tengu conjurer (Depths:1)
  5 merfolk
  A hornet (Vaults:4)
  A snapping turtle (Shoals:4)
  A redback (Vaults:4)
  3 nagas (Snake:4)
  2 orc warriors (Vaults:5)
  An ogre (Depths:2)
107 creatures vanquished.

Vanquished Creatures (others)
  A fire giant (Vaults:5)
  A necromancer (Depths:1)
  A wizard (D:6)
  A vault sentinel (Vaults:4)
  A polar bear (IceCv)
  5 dream sheep (Lair:3)
  A vampire (D:10)
  3 yaks (IceCv)
  A naga (Snake:4)
  6 wolves (IceCv)
  An ogre (Depths:3)
  An orc wizard (Vaults:4)
  A worker ant (D:5)
  8 fungi
  15 plants
  13 tentacles
  4 withered plants (Shoals:3)
64 creatures vanquished.

Grand Total: 2136 creatures vanquished

Notes
Turn   | Place    | Note
-------+----------+-------------------------------------------
     0 | D:1      | roke1 the Tengu Air Elementalist began the quest for the
                  | Orb.
     0 | D:1      | Reached XP level 1. HP: 10/10 MP: 4/4
   422 | D:1      | Reached XP level 2. HP: 14/15 MP: 4/6
   996 | D:1      | Learned a level 2 spell: Swiftness
  1115 | D:1      | Reached XP level 3. HP: 20/20 MP: 1/7
  1211 | D:1      | Reached skill level 1 in Fighting
  1886 | D:2      | Reached skill level 5 in Air Magic
  1886 | D:2      | Reached XP level 4. HP: 25/25 MP: 3/8
  2084 | D:2      | Learned a level 4 spell: Airstrike
  2263 | D:2      | Found a shattered altar of Ashenzari.
  2288 | D:2      | Found a sparkling altar of Nemelex Xobeh.
  2288 | D:2      | Found an iron altar of Okawaru.
  2288 | D:2      | Found an ancient bone altar of Kikubaaqudgha.
  2292 | D:2      | Found a white marble altar of Elyvilon.
  2294 | D:2      | Found a glowing golden altar of the Shining One.
  2297 | D:2      | Became a worshipper of Warmaster Okawaru
  2599 | D:2      | You fall into a shaft and drop 1 floor!
  2599 | D:3      | Noticed Sigmund
  2972 | D:3      | Reached skill level 10 in Spellcasting
  2972 | D:3      | Gained mutation: You can fly continuously. [Tengu growth]
  2972 | D:3      | Reached XP level 5. HP: 29/29 MP: 8/19
  2973 | D:3      | Reached XP level 6. HP: 34/34 MP: 8/20
  2978 | D:3      | Learned a level 3 spell: Static Discharge
  2984 | D:3      | Learned a level 5 spell: Lightning Bolt
  3472 | D:3      | Killed Sigmund
  3472 | D:3      | Reached XP level 7. HP: 39/39 MP: 12/22
  5030 | D:5      | Entered Level 5 of the Dungeon
  5233 | D:5      | Noticed Pikel
  5250 | D:5      | Killed Pikel
  5250 | D:5      | Reached * piety under Okawaru
  5250 | D:5      | Reached XP level 8. HP: 23/45 MP: 2/23
  6764 | D:6      | Reached ** piety under Okawaru
  6764 | D:6      | Reached XP level 9. HP: 41/49 MP: 12/24
  6867 | D:6      | Found a staircase to the Ecumenical Temple.
  6941 | D:6      | Found a runed translucent gate.
  6941 | D:6      | Identified the +10 great mace "Hydraslayer" {speed, rPois}
  6941 | D:6      | Identified the +5 plate armour of Ibribriz {*Corrode +Inv
                  | rC+++ Str-4}
  6942 | D:6      | Found a runed translucent gate.
  6943 | D:6      | Noticed ew1980's ghost (novice GnTm)
  6943 | D:6      | Found a runed translucent gate.
  6944 | D:6      | Found a roughly hewn altar of Beogh.
  7370 | D:6      | Found a bloodstained altar of Trog.
  7371 | D:6      | Noticed a wizard
  7377 | D:6      | Killed a wizard
  7571 | D:6      | Killed ew1980's ghost
  7792 | D:6      | Reached skill level 11 in Spellcasting
  7890 | D:6      | Got a crude cloak
  7901 | D:6      | Identified the +2 cloak "Lokociej" {rElec rC++ MR- Str+2}
                  | (You found it on level 6 of the Dungeon)
  8056 | D:7      | Reached *** piety under Okawaru
  8262 | D:7      | Found a flagged portal.
  8278 | Bailey   | Entered a bailey
  8440 | Bailey   | Reached XP level 10. HP: 5/56 MP: 10/26
  8791 | Bailey   | Noticed an orc knight
  8791 | Bailey   | Noticed an orc knight
  8936 | Bailey   | Noticed an orc knight
  9064 | Bailey   | Killed an orc knight
  9064 | Bailey   | Reached skill level 5 in Dodging
  9197 | Bailey   | Noticed an orc knight
  9213 | Bailey   | Killed an orc knight
  9213 | Bailey   | Reached **** piety under Okawaru
  9225 | Bailey   | Killed an orc knight
  9491 | Bailey   | Noticed an orc knight
  9518 | Bailey   | Killed an orc knight
  9541 | Bailey   | Noticed an orc knight
  9585 | Bailey   | Killed an orc knight
  9914 | D:7      | Got an ivory spear
  9915 | D:7      | Identified the +4 spear "Spiderbane" {drain, Dex+4} (You
                  | found it on level 7 of the Dungeon)
  9995 | D:7      | Found a snail-covered altar of Cheibriados.
 10050 | D:7      | Reached ***** piety under Okawaru
 10113 | D:7      | Reached XP level 11. HP: 62/62 MP: 18/27
 10133 | D:7      | Reached skill level 10 in Air Magic
 10159 | D:7      | Noticed a two-headed ogre
 10167 | D:7      | Killed a two-headed ogre
 10167 | D:7      | Received a gift from Okawaru
 10799 | D:8      | Reached skill level 5 in Fighting
 11329 | D:8      | Found a stormy altar of Qazlal.
 11519 | D:8      | Found a glowing silver altar of Zin.
 11863 | D:8      | Noticed a red ugly thing
 11881 | D:8      | Killed a red ugly thing
 11900 | D:8      | Noticed a two-headed ogre
 11910 | D:8      | Killed a two-headed ogre
 12287 | D:8      | Noticed a three-headed hydra
 12304 | D:8      | Killed a three-headed hydra
 12860 | D:9      | Received a gift from Okawaru
 13106 | D:9      | Found a burning altar of Makhleb.
 13141 | D:9      | Found an ornate altar of the Wu Jian Council.
 13142 | D:9      | Found a snail-covered altar of Cheibriados.
 13630 | D:9      | Found a staircase to the Orcish Mines.
 13631 | D:9      | Noticed Maggie
 13644 | D:9      | Killed Maggie
 13839 | D:10     | Entered Level 10 of the Dungeon
 13846 | D:10     | Found a runed translucent door.
 13846 | D:10     | Noticed a two-headed ogre
 14060 | D:10     | Found a runed translucent door.
 14099 | D:10     | Reached XP level 12. HP: 68/70 MP: 17/28
 14332 | D:10     | Found Dupren's Jewellery Emporium.
 14360 | D:10     | Noticed a war gargoyle
 14563 | D:10     | Killed a two-headed ogre
 14663 | D:10     | Noticed Zanawupt's ghost (journeyman MiFi)
 14666 | D:10     | Noticed a lich
 14667 | D:10     | Noticed a frost giant
 15256 | D:11     | Noticed Snorg
 15263 | D:11     | Killed Snorg
 15263 | D:11     | Reached skill level 12 in Spellcasting
 15456 | D:11     | Found a frozen archway.
 15458 | D:11     | Noticed an ice dragon
 15466 | D:11     | Killed an ice dragon
 15593 | IceCv    | Entered an ice cave
 15694 | IceCv    | Reached ****** piety under Okawaru
 16570 | IceCv    | Got a faintly glowing broad axe
 16604 | IceCv    | Received a gift from Okawaru
 16781 | IceCv    | Received a gift from Okawaru
 17393 | IceCv    | Noticed a death yak
 17393 | IceCv    | Noticed a death yak
 17528 | IceCv    | Killed a death yak
 17529 | IceCv    | Killed a death yak
 17568 | IceCv    | Reached XP level 13. HP: 71/76 MP: 7/30
 18170 | IceCv    | Noticed a frost giant
 18177 | IceCv    | Killed a frost giant
 18499 | D:11     | Found Nopui's Food Shoppe.
 18626 | D:11     | Found a staircase to the Lair.
 18774 | D:11     | Found a runed translucent door.
 18774 | D:11     | Noticed Morgon's ghost (journeyman GnVM)
 18800 | D:11     | Received a gift from Okawaru
 18944 | D:11     | Identified the +0 broad axe "Concordance" {holy, Fragile
                  | MR+ Int+3} (You found it in an ice cave)
 19014 | D:10     | Bought the ring of Ossuhur {Wiz rF+ MR+} for 793 gold
                  | pieces
 19139 | Lair:1   | Entered Level 1 of the Lair of Beasts
 19329 | Lair:1   | Noticed Grum
 19332 | Lair:1   | Killed Grum
 19654 | Lair:1   | Noticed Harold
 19659 | Lair:1   | Killed Harold
 19659 | Lair:1   | Reached skill level 1 in Armour
 20325 | Lair:1   | Noticed Erica
 20329 | Lair:1   | Killed Erica
 20786 | Lair:2   | Found a staircase to the Shoals.
 20955 | Lair:2   | Found a staircase to the Snake Pit.
 22188 | Lair:3   | Noticed Gastronok
 22220 | Lair:3   | Killed Gastronok
 22961 | Lair:3   | Noticed Rupert
 22967 | Lair:3   | Killed Rupert
 22967 | Lair:3   | Received a gift from Okawaru
 22967 | Lair:3   | Reached XP level 14. HP: 84/84 MP: 21/31
 22976 | Lair:3   | Reached skill level 13 in Spellcasting
 23212 | Lair:3   | Found a shimmering altar of Xom.
 23443 | Lair:4   | Noticed Nessos
 23460 | Lair:4   | Killed Nessos
 24406 | Lair:4   | Found a sacrificial altar of Ru.
 24416 | Lair:4   | Received a gift from Okawaru
 25616 | Lair:5   | Reached skill level 5 in Armour
 26639 | Lair:6   | Entered Level 6 of the Lair of Beasts
 26639 | Lair:6   | Noticed Sonja
 26641 | Lair:6   | Killed Sonja
 26644 | Lair:6   | Received a gift from Okawaru
 26839 | Lair:6   | Found a viscous altar of Jiyva.
 26839 | Lair:6   | Found a staircase to the Slime Pits.
 26971 | Lair:6   | Reached skill level 15 in Air Magic
 27787 | Lair:6   | Reached skill level 10 in Fighting
 28267 | Lair:6   | Reached skill level 1 in Short Blades
 28284 | Lair:6   | Reached XP level 15. HP: 92/92 MP: 33/33
 28428 | Lair:6   | Found a large runed translucent door.
 28429 | Lair:6   | Found a large runed translucent door.
 29068 | D:11     | Killed Morgon's ghost
 29220 | D:12     | Received a gift from Okawaru
 29487 | D:12     | Found Witapsa's Weapon Shoppe.
 30686 | D:13     | Received a gift from Okawaru
 30692 | D:13     | Got a shimmering short sword {god gift}
 30693 | D:13     | Identified the +7 short sword "Jily" {antimagic, *Rage
                  | Str+2 Dex+7} (Okawaru gifted it to you on level 13 of the
                  | Dungeon)
 30802 | D:13     | Reached skill level 5 in Short Blades
 30874 | D:13     | Identified the +5 ring mail of Gelargh {rPois}
 31386 | D:13     | Found a gate to the Vaults.
 31832 | D:14     | Reached skill level 14 in Spellcasting
 32000 | D:14     | Received a gift from Okawaru
 32004 | D:14     | Got a pair of slimy gloves {god gift}
 32015 | D:14     | Identified the +1 pair of gloves of Gallantry {rF+ rC+ MR+
                  | MP+9} (Okawaru gifted it to you on level 14 of the Dungeon)
 32020 | D:14     | Noticed Frances
 32041 | D:14     | Killed Frances
 32885 | D:15     | Entered Level 15 of the Dungeon
 32888 | D:15     | Reached XP level 16. HP: 100/100 MP: 35/35
 34430 | D:15     | Found a staircase to the Depths.
 34580 | D:15     | Found a runed translucent gate.
 34582 | D:15     | Found a runed translucent gate.
 34583 | D:15     | Found a runed translucent gate.
 34804 | D:15     | Received a gift from Okawaru
 34910 | D:15     | Found a runed translucent gate.
 34910 | D:15     | Found a runed translucent gate.
 34916 | D:15     | Noticed streetpizza's ghost (journeyman OpTm)
 34918 | D:15     | Found a runed translucent gate.
 35092 | Orc:1    | Entered Level 1 of the Orcish Mines
 35111 | D:9      | Reached skill level 10 in Armour
 35819 | Orc:2    | Entered Level 2 of the Orcish Mines
 35819 | Orc:2    | Found a staircase to the Elven Halls.
 36322 | Orc:2    | Reached skill level 15 in Conjurations
 36336 | Orc:2    | Reached skill level 15 in Spellcasting
 36908 | Orc:2    | Found Utwych's Book Boutique.
 36908 | Orc:2    | Found Ythou's Book Shoppe.
 36909 | Orc:2    | Found Xinkiluo's Book Emporium.
 36909 | Orc:2    | Found Duhe's Gadget Boutique.
 36921 | Orc:2    | Bought a book of Power for 630 gold pieces
 36921 | Orc:2    | Bought a book of Fire for 910 gold pieces
 36929 | Orc:2    | Learned a level 7 spell: Orb of Destruction
 36935 | Orc:2    | Learned a level 5 spell: Fireball
 36943 | Orc:2    | Learned a level 7 spell: Spellforged Servitor
 37349 | Snake:1  | Entered Level 1 of the Snake Pit
 37357 | Snake:1  | Received a gift from Okawaru
 37357 | Snake:1  | Reached XP level 17. HP: 95/108 MP: 37/37
 37500 | Snake:1  | Reached skill level 1 in Summonings
 38683 | Snake:1  | Received a gift from Okawaru
 39665 | Snake:2  | Reached skill level 10 in Dodging
 40439 | Snake:3  | Received a gift from Okawaru
 41311 | Snake:3  | Reached skill level 5 in Summonings
 41621 | Snake:3  | Identified the +2 long sword "Killer Bee's Foe" {vorpal,
                  | +Rage MP+9 Dex+4}
 42798 | Snake:4  | Entered Level 4 of the Snake Pit
 43422 | Snake:4  | Reached XP level 18. HP: 77/115 MP: 38/38
 43720 | Snake:4  | Received a gift from Okawaru
 44393 | Snake:4  | Identified the ring "Umemm" {rC+ rN+ MP+9 Int-3}
 45604 | Snake:4  | Received a gift from Okawaru
 45641 | Snake:4  | Reached skill level 1 in Shields
 46510 | Snake:4  | Got a serpentine rune of Zot
 46886 | Shoals:1 | Entered Level 1 of the Shoals
 47140 | Shoals:1 | Reached skill level 16 in Spellcasting
 47241 | Shoals:1 | Got a coiled golden ring
 47244 | Shoals:1 | Identified the ring "Midijo Loigh" {Wiz rPois rF+ MP+9
                  | Dex+3} (You found it on level 1 of the Shoals)
 48108 | Shoals:2 | Noticed Polyphemus
 48122 | Shoals:2 | Received a gift from Okawaru
 48668 | Shoals:2 | Reached XP level 19. HP: 121/121 MP: 40/40
 48671 | Shoals:2 | Noticed Ilsuiw
 48975 | Shoals:1 | Killed Polyphemus
 49319 | Shoals:2 | Killed Ilsuiw
 50281 | Shoals:3 | Found a runed translucent gate.
 50281 | Shoals:3 | Found a runed translucent gate.
 50281 | Shoals:3 | Found a runed translucent gate.
 50286 | Shoals:3 | Noticed SpoonFarmer's ghost (adept MiFi)
 50293 | Shoals:3 | Noticed coolio's ghost (adept DrFi)
 50293 | Shoals:3 | Noticed SolCadguy's ghost (adept MfSk)
 50300 | Shoals:3 | Reached skill level 1 in Fire Magic
 50934 | Shoals:3 | Found a runed translucent door.
 51776 | Shoals:3 | Identified the +4 scale mail of the Forest {rPois Str+5}
 52003 | Shoals:3 | Identified Sif Muna's Volume of the Frostbite and the Blaze
 52036 | Shoals:4 | Entered Level 4 of the Shoals
 52518 | Shoals:4 | Received a gift from Okawaru
 53167 | Shoals:4 | Identified the ring of Generosity {rCorr Dex+2}
 54216 | Shoals:4 | Received a gift from Okawaru
 54530 | Shoals:4 | Got a barnacled rune of Zot
 55193 | Elf:1    | Entered Level 1 of the Elven Halls
 55379 | Elf:1    | Reached skill level 5 in Fire Magic
 55560 | Elf:1    | Reached XP level 20. HP: 105/128 MP: 41/41
 55745 | Elf:1    | Reached skill level 15 in Fighting
 56721 | Elf:1    | Found a runed translucent gate.
 56721 | Elf:1    | Found a runed translucent gate.
 56721 | Elf:1    | Found a runed translucent gate.
 56721 | Elf:1    | Found a runed translucent gate.
 56721 | Elf:1    | Found a runed translucent gate.
 56722 | Elf:1    | Found a runed translucent gate.
 57373 | Elf:2    | Received a gift from Okawaru
 57391 | Elf:2    | Found a runed translucent gate.
 57392 | Elf:2    | Found a runed translucent gate.
 57393 | Elf:2    | Found a runed translucent gate.
 57613 | Elf:3    | Entered Level 3 of the Elven Halls
 57994 | Elf:3    | Reached skill level 17 in Spellcasting
 59834 | Elf:3    | Identified the ring "Ustreelu" {AC+4 Int+6 Stlth-}
 60087 | Elf:3    | Identified the ring of Wymo {Str+3 SInv}
 60096 | Elf:3    | Identified the ring "Ipnirous" {Str+3 Int+4 SInv}
 60105 | Elf:3    | Identified the cursed +2 battleaxe of Pypn {pain, *Contam
                  | +Fly rF+ rC++}
 60240 | Elf:3    | Identified the +7 flail of the Harvest {vorpal, rF+ MR+
                  | Str-3 Stlth+}
 60486 | Elf:3    | Received a gift from Okawaru
 60494 | Elf:3    | Reached XP level 21. HP: 104/136 MP: 36/43
 60758 | Elf:3    | Found the +15 Maxwell's patent armour {-Cast -Tele rElec
                  | MR+ rCorr}
 60759 | Elf:3    | Identified the Catalogue of Displaced Flight
 60773 | Elf:3    | Identified the +3 ice dragon scales of the Guild-Master
                  | {rF- rC++ Str+2} (You found it on level 3 of the Elven
                  | Halls)
 60782 | Elf:3    | Learned a level 5 spell: Silence
 61043 | D:10     | Was placed under penance by Okawaru
 61967 | D:9      | Killed Zanawupt's ghost
 62644 | Vaults:1 | Entered Level 1 of the Vaults
 62700 | Vaults:1 | Was forgiven by Okawaru
 63089 | Vaults:1 | Found a roughly hewn altar of Beogh.
 63888 | Vaults:1 | Found Kad Lih's Assorted Antiques.
 64420 | Vaults:1 | Noticed Aizul
 64449 | Vaults:1 | Killed Aizul
 64738 | Vaults:2 | Found Lurr's Antique Weapon Shop.
 65465 | Vaults:2 | Found Vanophul's Antique Weapon Shop.
 65568 | Vaults:2 | Received a gift from Okawaru
 65768 | Vaults:2 | Found Anoux's Gadget Boutique.
 66117 | Vaults:2 | Found Kurhyz's Magic Scroll Shop.
 66756 | Vaults:2 | Found a staircase to the Crypt.
 66882 | Vaults:2 | Found a runed translucent gate.
 66882 | Vaults:2 | Found a runed translucent gate.
 66882 | Vaults:2 | Found a runed translucent gate.
 66883 | Vaults:2 | Noticed foobar1000's ghost (veteran SpHu)
 66884 | Vaults:2 | Found the +8 arc blade {discharge, rElec}
 66996 | Vaults:2 | Reached skill level 5 in Shields
 67427 | Vaults:2 | Got a fine diamond amulet
 67442 | Vaults:2 | Identified the amulet "Astiq" {Reflect rC++ Str+2 SH+5}
                  | (You found it on level 2 of the Vaults)
 67472 | Vaults:2 | Killed foobar1000's ghost
 68208 | Vaults:3 | Reached skill level 10 in Fire Magic
 68208 | Vaults:3 | Reached XP level 22. HP: 143/143 MP: 44/44
 69290 | Vaults:3 | Found Pupumeh's Food Shop.
 69796 | Vaults:4 | Received a gift from Okawaru
 70420 | Vaults:4 | Reached skill level 18 in Spellcasting
 70714 | Vaults:4 | Noticed a caustic shrike
 70716 | Vaults:4 | Killed a caustic shrike
 71285 | Vaults:4 | Received a gift from Okawaru
 72619 | Vaults:5 | Entered Level 5 of the Vaults
 72934 | Depths:1 | Entered Level 1 of the Depths
 73131 | Depths:1 | Identified the ring "Tyllimar" {Ice Int+2} (You found it on
                  | level 1 of the Depths)
 73150 | Depths:1 | Found Cyderimm's Armour Shoppe.
 73231 | Depths:1 | Reached XP level 23. HP: 47/149 MP: 4/46
 74136 | Depths:1 | Found a burning altar of Makhleb.
 74242 | Depths:1 | Found a burning altar of Makhleb.
 74243 | Depths:1 | Found the cursed +14 obsidian axe {vorpal, +Fly SInv
                  | *Curse}
 74419 | Depths:1 | Found a one-way gate to the infinite horrors of the Abyss.
 74541 | Depths:1 | Found a gateway to Hell.
 75018 | Depths:1 | Reached skill level 10 in Shields
 75616 | Depths:2 | Received a gift from Okawaru
 76927 | Depths:2 | Got a warped scale mail
 76938 | Depths:2 | Identified the cursed +0 scale mail "Vogej Wob" {MR+ Int-2
                  | Dex+6} (You found it on level 2 of the Depths)
 77365 | Depths:3 | Found a shattered altar of Ashenzari.
 77365 | Depths:3 | Noticed the Enchantress
 77369 | Depths:3 | Identified the cursed +0 dagger of Fedhas's Reproof
                  | {vorpal, rElec rF+ MR+ Dex+4}
 77371 | Depths:3 | Killed the Enchantress
 77371 | Depths:3 | Received a gift from Okawaru
 79041 | Depths:3 | Noticed a caustic shrike
 79068 | Depths:2 | Killed a caustic shrike
 79727 | Depths:3 | Noticed a caustic shrike
 79727 | Depths:3 | Noticed a caustic shrike
 79751 | Depths:2 | Killed a caustic shrike
 79755 | Depths:3 | Noticed a caustic shrike
 79765 | Depths:2 | Killed a caustic shrike
 79860 | Depths:2 | Killed a caustic shrike
 79860 | Depths:2 | Received a gift from Okawaru
 80079 | Depths:3 | Found a gateway to a ziggurat.
 80209 | Depths:3 | Reached XP level 24. HP: 156/156 MP: 46/46
 80287 | Depths:3 | Found a one-way gate leading to the halls of Pandemonium.
 80608 | Depths:3 | Found a shimmering blue altar of Sif Muna.
 81537 | Depths:4 | Noticed a caustic shrike
 81544 | Depths:4 | Killed a caustic shrike
 81553 | Depths:4 | Noticed a juggernaut
 81561 | Depths:4 | Killed a juggernaut
 81561 | Depths:4 | Received a gift from Okawaru
 81561 | Depths:4 | Reached skill level 10 in Short Blades
 81564 | Depths:4 | Identified the +0 pair of gloves of Peek-a-Boo {-Tele rElec
                  | Int+4 SInv} (Okawaru gifted it to you on level 4 of the
                  | Depths)
 81661 | Depths:4 | Noticed a caustic shrike
 81720 | Depths:4 | Killed a caustic shrike
 81721 | Depths:4 | Identified the +5 battleaxe "Reith" {vorpal, rElec}
 82282 | Depths:4 | Found the +8 glaive of the Guard {elec, +Rage AC+5 SInv}
 82350 | Depths:4 | Found Sutag's Weapon Shop.
 82353 | Depths:4 | Found Faleitz's Assorted Antiques.
 82353 | Depths:4 | Found Nutyzuh's Distillery.
 82358 | Depths:4 | Found Milyppao's Gadget Boutique.
 82367 | Depths:4 | Bought a potion of heal wounds for 90 gold pieces
 82367 | Depths:4 | Bought a potion of haste for 180 gold pieces
 82535 | Depths:5 | Entered Level 5 of the Depths
 83264 | Depths:4 | HP: 5/157 [red draconian/+0 glaive (17)]
 83780 | Depths:5 | Received a gift from Okawaru
 83785 | Depths:5 | Identified the +1 chain mail of the Saviour {rElec rPois
                  | rCorr Int-3} (Okawaru gifted it to you on level 5 of the
                  | Depths)
 83801 | Depths:5 | Found a gate to the Realm of Zot.
 83850 | Depths:4 | Reached skill level 19 in Spellcasting
 85842 | Depths:5 | Learned a level 8 spell: Ignition
 86610 | Vaults:4 | Reached XP level 25. HP: 100/163 MP: 47/47
 88338 | Vaults:5 | Received a gift from Okawaru
 88676 | Vaults:5 | Identified the +5 quarterstaff of Vengeance {flame, MR+++
                  | Str+5 Int-3}
 88765 | Vaults:5 | Identified the ring "Bosuar" {rPois MR+}
 90193 | Vaults:5 | Identified the ring of Xapsos {Ice rN+}
 90444 | Vaults:5 | Received a gift from Okawaru
 91293 | Vaults:5 | Reached skill level 15 in Shields
 92308 | Vaults:5 | Got a silver rune of Zot
 92687 | Zot:1    | Entered Level 1 of the Realm of Zot
 92965 | Zot:1    | Found a transporter.
 92968 | Zot:1    | Found the +0 mask of the Dragon {MR+ Slay+3 SInv}
 92990 | Zot:1    | Found a transporter.
 93690 | Zot:1    | Reached XP level 26. HP: 143/170 MP: 36/47
 93690 | Zot:1    | Received a gift from Okawaru
 94087 | Zot:2    | HP: 4/170 [black draconian monk (19)]
 94087 | Zot:2    | Slain by a black draconian monk

Illustrated notes

Levels and vault maps discovered:
D:1:      mainiacjoe_arrival_reflecting_pool, layout_basic
D:2:      layout_loops_ring, minitemple
D:3:      layout_basic, uniq_sigmund
D:4:      layout_layer_cave, first_ration, hex_large
D:5:      kennysheep_spiral_hall, layout_layer_cave, abandoned_shop,
          minmay_statues_item, uniq_pikel
D:6:      layout_rooms, minmay_temple_entry_drinking_statues,
          biasface_ghost_orc_armoury, trog_wizard
D:7:      layout_gridville, enter_bailey_2, basic_altar, nzn_random_ring
D:8:      minmay_s_stair_smasher, layout_basic, grunt_qazlal_clouds,
          overflow_temple_1_default, hangedman_ranch [blue_anna_fruit_fields]
D:9:      layout_basic, grunt_temple_overflow_open, orc_0_dummy, uniq_maggie
D:10:     layout_loops_ring, serial_shops, shop, muffindrake_ghost_dual_entry,
          serial_bayou_crossing
D:11:     layout_rooms, lair_entry_dummy,
          portal_ice_cave_entry_animals_and_master,
          ebering_ghost_reflecting_pool, serial_shops, nicolae_shop_statue_plus,
          uniq_snorg
D:12:     layout_loops_corners, serial_shops, nicolae_shop_crystal,
          gauntlet_entry_generic
D:13:     layout_basic, lightli_vaults_fourway_checkpoint
D:14:     layout_irregular_city, minmay_staircase_windowed_small, st_stairs_8,
          uniq_frances
D:15:     gammafunk_enter_depths_forms, layout_basic,
          ploomutoo_gammafunk_ghost_potion_laboratory, st_stairs_12
Lair:1:   layout_cave_pods, serial_forest, infiniplex_forest_clump_long,
          infiniplex_forest_straight_2, infiniplex_forest_end_2,
          infiniplex_forest_3_way, infiniplex_forest_straight_1, uniq_grum,
          uniq_erica, uniq_harold
Lair:2:   layout_cave_pods, minmay_shoals_entry_lonely_mermaid,
          guppyfry_snake_entry_garden, special_room [special_room_bee],
          minivault_26
Lair:3:   layout_gridlike, kb_xom_exploding_sheep, uniq_rupert, uniq_gastronok
Lair:4:   layout_layer_cave, basic_altar, serial_bayou_shore_b, uniq_nessos
Lair:5:   layout_small_grid, minmay_lair_oklob_items, serial_bayou_shore_a
Lair:6:   cheibrodos_lair_end_hotspot, layout_regular_city, slime_altar_1,
          minivault_19, uniq_sonja
Shoals:1: layout_shoals
Shoals:2: layout_shoals, uniq_polyphemus, uniq_ilsuiw
Shoals:3: layout_shoals, gammafunk_ghost_cemetery, lightli_airlock
Shoals:4: shoals_end_simple, layout_shoals, shoal_ilsuiw,
          nicolae_shoals_arrival_archipelago
Snake:1:  hangedman_cross_stitches, layout_cave_shapes, lemuel_fruit_tree
Snake:2:  layout_basic, grunt_megastairs_3
Snake:3:  layout_layer_cave
Snake:4:  snake_pit, layout_cave_town, serial_bayou_pond_e
Orc:1:    layout_diamond_mine, ebering_ghost_reflecting_pool,
          nicolae_orc_flooded_monolith
Orc:2:    st_orc_ogre_mass, layout_caves
Elf:1:    minmay_elf_arrival_summoners, layout_gridlike, orc_legates
Elf:2:    layout_rooms, nicolae_twisting_strands, corexii_leaking_fountain,
          uniq_agnes
Elf:3:    elf_hall_gauntlet_wide, layout_geoelf_castle
Vaults:1: special_room_vaults [special_room_orc], vaults_room_door_ring,
          nicolae_vaults_little_squares_1, ontoclasm_vaults_shuriken,
          vaults_room_large_hall, vaults_room_hallway, vaults_mumra_hex,
          ontoclasm_vaults_pinch, nicolae_vaults_little_squares_3,
          nicolae_vaults_mini_display_case, vaults_mumra_hexcomb,
          dpeg_vaults_monster_box, layout_vaults_chaotic_city, serial_shops,
          nicolae_shop_behind_doors, uniq_aizul
Vaults:2: gammafunk_vaults_ghost_necromancy, vaults_mumra_minichess_inversion,
          minmay_crypt_entry_skeletal_spiral, v_misc_23, v_alt_pattern_1,
          vaults_standard_mumra_enter_the_diamond, nicolae_vaults_specimen_jars,
          grunt_vaults_hallway_short, vaults_room_pool, layout_vaults_omnigrid,
          serial_shops, nicolae_shop_stone, shop_statue, shop_fountains, shop
Vaults:3: hangedman_vaults_cutoff, nicolae_vaults_sealed_display,
          vaults_mumra_minichess, nicolae_vaults_triangles,
          vaults_room_door_ring, hangedman_vaults_trim, ontoclasm_vaults_idyll,
          nicolae_vaults_network_barrier, nicolae_vaults_shelves_hall,
          vaults_room_hallway, vaults_room_hangedman_quadrants,
          nicolae_vaults_shelves_hall, layout_vaults_omnicross, serial_shops,
          nicolae_shop_window_shopping
Vaults:4: dpeg_vaults_pockets_of_resistance, v_alt_pattern_4,
          nicolae_vaults_circle_grid_b, ontoclasm_vaults_ring_large,
          v_pattern_5, v_misc_27, nicolae_vaults_network_s,
          hangedman_vaults_maws, v_alt_pattern_1, ontoclasm_vaults_ring_square,
          v_misc_8, dpeg_vaults_monster_row, grunt_vaults_diagonal,
          serial_ice_b, v_misc_27, hangedman_vaults_stretched_pinwheel,
          vaults_dpeg_encased_lava, layout_vaults_ring
Vaults:5
Depths:1: layout_big_octagon, abyss_entry_crystal, serial_shops,
          nicolae_shop_window_shopping, nicolae_water_bricks, lightli_too_deep,
          grunt_guarded_unrand_obsidian_axe
Depths:2: minmay_skeletal_surprise, layout_cave_pools, pf_dread_powers_of_hell,
          serial_bayou_shore_b, minmay_alternating_orb
Depths:3: minmay_diamond_stairs, layout_cave_shapes, enter_ziggurat_d,
          rand_demon_pan_entry_1, hell_entry, ashenzari_altar_1,
          argonaut_fire_from_heaven, uniq_enchantress
Depths:4: minmay_guarded_unrand_guard, layout_small_grid,
          minmay_misc_feat_more_columns, pf_hell_entry_tar_river, abyss_entry,
          minmay_shoptagon, minmay_staircase_bubble
Depths:5: grunt_zot_entry_tricorne, layout_long_grid, hell_entry, serial_glass,
          glass_columns_a, glass_columns_b, pan_entry, serial_bayou_shore_b,
          serial_bayou_shore_b
Zot:1:    layout_misc_corridors, grunt_ministairs_4,
          chequers_guarded_unrand_mask_of_the_dragon
Zot:2:    layout_onion_interference

Skill      XL: |  1  2  3  4  5  6  7  8  9 10 11 12 13 14 15 16 17 18 19 20 21 22 23 24 25 26 |
---------------+-------------------------------------------------------------------------------+-----
Conjurations   | 2 11 12 13 14 15 16 17 18 | 18.9
Fighting       | 1 2 3 4 6 7 8 10 11 12 13 14 15 16 17 18 | 18.8
Air Magic      | 5 6 8 9 12 13 14 15 16 17 | 17.7
Spellcasting   | 10 11 12 13 14 15 16 17 18 19 | 19.6
Dodging        | 3 4 5 7 8 9 10 11 13 14 | 14.2
Armour         | 3 6 8 10 11 | 11.7
Short Blades   | 1 7 8 9 11 12 13 | 13.1
Summonings     | 6 8 9 |  9.2
Shields        | 4 5 9 11 13 15 | 15.0
Fire Magic     | 5 8 10 11 12 13 14 | 14.4
Stealth        | |  2.0

Action                   |  1- 3 |  4- 6 |  7- 9 | 10-12 | 13-15 | 16-18 | 19-21 | 22-24 | 25-27 || total
-------------------------+-------+-------+-------+-------+-------+-------+-------+-------+-------++-------
Melee: Whip              |    17 |       |    14 |       |       |       |       |       |       ||    31
       Kick              |     5 |     5 |     9 |    57 |   152 |   262 |   380 |   314 |   120 ||  1304
       Peck              |     7 |       |     4 |    32 |    99 |   163 |   262 |   176 |    85 ||   828
       Dagger            |     6 |    25 |     9 |       |       |       |       |       |       ||    40
       Great mace        |       |       |    15 |   212 |   198 |       |       |       |       ||   425
       Quick blade       |       |       |       |    17 |   374 |   915 |  1064 |   417 |       ||  2787
       Scimitar          |       |       |       |       |    10 |       |       |       |       ||    10
       Rapier            |       |       |       |       |       |       |    11 |   448 |   316 ||   775
 Cast: Shock             |    58 |    54 |   126 |   194 |   191 |   151 |     4 |    55 |     3 ||   836
       Airstrike         |       |     2 |    10 |    32 |    87 |    41 |   139 |   123 |    49 ||   483
       Static Discharge  |       |     1 |    22 |     8 |    59 |    62 |    45 |    41 |    32 ||   270
       Swiftness         |       |       |     1 |       |       |     2 |       |     1 |       ||     4
       Lightning Bolt    |       |       |     6 |    68 |   172 |   210 |   189 |   243 |    54 ||   942
       Orb of Destructio |       |       |       |       |       |    28 |    15 |    72 |    25 ||   140
       Fireball          |       |       |       |       |       |    44 |   219 |    61 |     5 ||   329
       Spellforged Servi |       |       |       |       |       |     2 |    15 |    33 |    25 ||    75
       Ignition          |       |       |       |       |       |       |       |       |     2 ||     2
Invok: Heroism           |       |       |       |     1 |     1 |       |       |       |       ||     2
 Abil: Fly               |       |       |     1 |       |     1 |       |     1 |     2 |     1 ||     6
       Stop Flying       |       |       |       |       |     1 |       |     1 |     3 |       ||     5
Evoke: Wand              |       |       |       |     7 |       |       |       |     1 |       ||     8
  Use: Scroll            |       |     9 |     5 |     4 |    20 |     4 |    13 |    10 |    11 ||    76
       Potion            |       |     2 |       |     1 |       |     3 |     1 |     4 |     8 ||    19
 Stab: Distracted        |     1 |       |       |       |       |     1 |     1 |       |     1 ||     4
       Sleeping          |     1 |     1 |       |     1 |     3 |     1 |       |       |       ||     7
  Eat: Chunk             |     4 |     5 |    16 |    32 |    39 |    21 |    42 |    60 |    17 ||   236
       Ration            |       |       |       |     1 |     4 |    11 |     8 |     3 |     4 ||    31
Armor: Robe              |     9 |     5 |       |       |       |       |       |       |       ||    14
       Leather armour    |       |     1 |     5 |       |       |       |       |       |       ||     6
       Ring mail         |       |       |    25 |     8 |    24 |   299 |   180 |   318 |   126 ||   980
       Scale mail        |       |       |       |    44 |       |       |       |       |       ||    44
       Steam dragon scal |       |       |       |    30 |   125 |       |       |       |       ||   155
       Acid dragon scale |       |       |       |       |     2 |       |       |       |       ||     2
Dodge: Dodged            |    33 |    27 |    77 |   259 |   551 |   696 |   564 |   686 |   238 ||  3131
Block: Buckler           |       |       |       |       |       |    54 |   215 |       |       ||   269
       Kite shield       |       |       |       |       |       |       |    53 |   631 |   261 ||   945
       Rpst.: Scimitar   |       |       |       |       |     2 |       |       |       |       ||     2
